 Dungeon Crawl Stone Soup version 0.22-a0-388-g09e6169 (webtiles) character file.

44 erloom the Chopper (level 3, -9/29 HPs)
             Began as a Demonspawn Berserker on Apr 29, 2018.
             Was a Believer of Trog.
             Mangled by a worm (10 damage)
             ... on level 2 of the Dungeon.
             The game lasted 00:02:05 (752 turns).

erloom the Chopper (Demonspawn Berserker)            Turns: 752, Time: 00:02:07

Health: -9/29      AC:  2    Str: 20    XL:     3   Next: 39%
Magic:  3/3        EV: 12    Int:  9    God:    Trog [**....]
Gold:   11         SH:  0    Dex: 12    Spells: 2/2 levels left

rFire    . . .     SeeInvis .   a - +0 hand axe
rCold    . . .     Gourm    .   (no shield)
rNeg     . . .     Faith    .   b - +0 animal skin
rPois    .         Spirit   .   (helmet restricted)
rElec    .         Reflect  .   (no cloak)
rCorr    .         Harm     .   (no gloves)
MR       .....                  (no boots)
Stlth    +.........             (no amulet)
HPRegen  0.09/turn              f - +3 ring of strength
MPRegen  0.08/turn              (no ring)

@: no status effects
A: antennae 1
a: Berserk, Trog's Hand, Renounce Religion


You were on level 2 of the Dungeon.
You worshipped Trog.
Trog was pleased with you.
You were not hungry.

You visited 1 branch of the dungeon, and saw 2 of its levels.

You collected 11 gold pieces.

Inventory:

Hand Weapons
 a - a +0 hand axe (weapon)
 e - a +0 hunting sling of flaming
Armour
 b - a +0 animal skin (worn)
Jewellery
 f - a +3 ring of strength (left hand)
Scrolls
 d - 3 scrolls of teleportation {unknown}
 g - a scroll of random uselessness {unknown}
 h - a scroll of remove curse {unknown}
Comestibles
 c - 2 rations
 i - 8 chunks of flesh


   Skills:
 - Level 3.0 Fighting
 + Level 4.1 Axes
 - Level 1.7 Armour
 - Level 1.7 Dodging


You had 2 spell levels left.
You didn't know any spells.

Dungeon Overview and Level Annotations

Branches:
Dungeon (2/15)

Altars:


Innate Abilities, Weirdness & Mutations

You have a pair of small antennae on your head.


Message History

The worm bites you.
You hit the worm.
The worm is heavily wounded.
The worm barely misses you.
You hit the worm.
The worm is heavily wounded.
You completely miss the worm.
The worm is heavily wounded.
The worm bites you.
* * * LOW HITPOINT WARNING * * *
You barely miss the worm.
The worm is heavily wounded.
The worm bites you.
* * * LOW HITPOINT WARNING * * *
You hit the worm.
The worm is heavily wounded.
You slash the worm!
The worm is almost dead.
The worm bites you!
You die...

..# ####..
.###.#.###### .. ......
.g†.###)....# ####.
#####.. .###.#.####.#
##... ....... #..## #.#
#... ....... #..# #.#
#..# ####### #..# #.#
#..#
.###..#####.#######..#
.......†.......w@....#
.....#####..########.#
...#######..# #>#
............########.#
...#####...........#.##
#. #.#.#######....# #.
#.#.##### #....# #.
#.#.....###....# #.
#.###.....#.#.## #.


You could see a worm.

Vanquished Creatures
  A dart slug (D:1)
  4 leopard geckos
  A ball python (D:1)
  4 bats
  2 giant cockroaches (D:2)
  5 goblins
  3 hobgoblins
  3 jackals (D:2)
  A quokka (D:2)
  5 kobolds
  5 rats
34 creatures vanquished.

Notes
Turn   | Place    | Note
-------+----------+-------------------------------------------
     0 | D:1      | erloom the Demonspawn Berserker began the quest for the Orb.
     0 | D:1      | Reached XP level 1. HP: 18/18 MP: 1/1
    32 | D:1      | Reached skill level 3 in Axes
    86 | D:1      | Gained mutation: You have a pair of small antennae on your head. [demonic ancestry]
    86 | D:1      | Reached XP level 2. HP: 19/24 MP: 2/2
   525 | D:2      | Reached XP level 3. HP: 22/29 MP: 3/3
   599 | D:2      | Reached ** piety under Trog
   599 | D:2      | Reached skill level 4 in Axes
   750 | D:2      | HP: 1/29 [worm (6)]
   752 | D:2      | Mangled by a worm

Vault maps used:
D:1:      dpeg_arrival_rhombus, serial_park_tiny_pond
D:2:      chequers_ecumenical_altar_simple

Skill      XL: |  1  2  3 |
---------------+----------+-----
Axes           | 3 4 |  4.1
Fighting       | |  3.0
Armour         | |  1.7
Dodging        | |  1.7

Action                   || total
-------------------------++-------
Melee: Hand axe          ||    98
Armor: Animal skin       ||    22
Dodge: Dodged            ||    68

Table legend:
 A = Spawn XP
 B = Non-spawn XP
 C = Spawn XP percentage of total XP
 D = Spawn monster count
 E = Non-spawn monster count
 F = Spawn count percentage of total count
 G = Total turns spent on level
                    A         B        C        D         E        F      G
               +---------+---------+-------+---------+---------+-------+---------
         Total |       0 |      63 |   0.0 |       0 |      34 |   0.0 |   752
               +---------+---------+-------+---------+---------+-------+---------
           D:1 |       0 |      37 |   0.0 |       0 |      20 |   0.0 |   496
           D:2 |       0 |      26 |   0.0 |       0 |      14 |   0.0 |   256
               +---------+---------+-------+---------+---------+-------+---------
